 Dungeon Crawl Stone Soup version 0.16.2-12-gd0ad4c3 (webtiles) character file.

81 mrath the Digger (level 4, -4/24 HPs)
             Began as a Gargoyle Earth Elementalist on July 27, 2016.
             Slain by an orc
             ... wielding a +0 flail of protection
              (7 damage)
             ... on level 2 of the Dungeon.
             The game lasted 00:13:01 (2450 turns).

mrath the Digger (Gargoyle Earth Elementalist)      Turns: 2450, Time: 00:13:01

Health: -4/24      AC:  5    Str: 12    XL:     4   Next: 42%
Magic:  4/10       EV: 12    Int: 16    God:
Gold:   117        SH:  0    Dex: 10    Spells: 3 memorised, 4 levels left

rFire  . . .     SeeInvis .     w - +0 mace (curse)
rCold  . . .     Clarity  .     c - +0 robe
rNeg   + . .     SustAb   .     (no shield)
rPois  ∞         Gourm    .     (no helmet)
rElec  +         Spirit   .     (no cloak)
rCorr  .         Warding  .     (no gloves)
rMut   .         Stasis   .     (no boots)
MR     .....                    (no amulet)
Stlth  ++........               (no ring)
                                (no ring)

@: not resistant to hostile enchantments, unstealthy
A: negative energy resistance 1, electricity resistance, unbreathing,
petrification resistance, rot immunity, AC +3
a: no special abilities


You were on level 2 of the Dungeon.
You were not hungry.

You visited 1 branch of the dungeon, and saw 3 of its levels.

You collected 117 gold pieces.

Inventory:

Hand weapons
 g - a +0 hand axe
 i - a +0 short sword
 s - a cursed -1 long sword
 w - a cursed +0 mace (weapon)
 y - a cursed +0 hunting sling
Missiles
 b - 38 stones (quivered)
Armour
 c - a +0 robe (worn)
Scrolls
 f - 5 scrolls of identify {unknown}
 j - a scroll of immolation {unknown}
 l - 2 scrolls of blinking {unknown}
 m - 2 scrolls of fear {unknown}
 n - a scroll of random uselessness {unknown}
 o - 2 scrolls of remove curse {unknown}
 r - a scroll of enchant armour {unknown}
 v - a scroll of magic mapping {unknown}
Potions
 e - 2 potions of curing {unknown}
 h - a potion of might {unknown}
 k - a potion of mutation {unknown}
 p - 2 potions of brilliance {unknown}
 u - a potion of poison {unknown}
Books
 d - a book of Geomancy

   Spells                             Type                      Level
   a - Sandblast                      Earth                        1
   b - Stoneskin                      Transmutation/Earth          2
   c - Passwall                       Transmutation/Earth          3
   d - Stone Arrow                    Conjuration/Earth            3
   e - Petrify                        Transmutation/Earth          4
   f - Lee's Rapid Deconstruction     Earth                        5
Comestibles
 a - 4 bread rations
 q - a meat ration
 t - a beef jerky
 x - 6 chunks of flesh


   Skills:
 - Level 1.5 Dodging
 - Level 2.1 Stealth
 * Level 3.5 Spellcasting
 + Level 0.7 Conjurations
 - Level 0.7 Transmutations
 + Level 4.5 Earth Magic


You had 4 spell levels left.
You knew the following spells:

 Your Spells              Type           Power        Failure   Level  Hunger
a - Sandblast             Erth           ###...       3%          1    None
b - Stoneskin             Trmt/Erth      ##......     10%         2    ##.....
c - Stone Arrow           Conj/Erth      ##....       17%         3    ###....


Dungeon Overview and Level Annotations

Branches:
Dungeon (3/15)

Altars:

Annotations:
D:3 Robin


Innate Abilities, Weirdness & Mutations

You are resistant to torment.
You are immune to poison.
Your stone body is very resilient (AC +3).
You resist negative energy.
You are resistant to electric shocks.
You can survive without breathing.
You are immune to petrification.
You are immune to rotting.


Message History

The blast of sand hits the orc.
The orc is severely wounded.
The orc hits you with a flail of protection!
* * * LOW HITPOINT WARNING * * *
Wield which item (- for none, * to show all)? (? for menu, Esc to quit)
b - 39 stones (in hand)
Casting: Sandblast
Confirm with . or Enter, or press ? or * to list all spells.
Aiming: Sandblast
Press: ? - help, Shift-Dir - straight line, f/p - orc
Aim: an orc, wielding a flail of protection (severely wounded)
The rocky blast misses the orc.
The rocky blast hits the kobold.
You kill the kobold!
The orc hits you with a flail of protection.
* * * LOW HITPOINT WARNING * * *
Wield which item (- for none, * to show all)? (? for menu, Esc to quit)
It sticks to your hand!
w - a cursed +0 mace (weapon)
The orc hits you with a flail of protection!
You die...

#.# ### ##...# #.# ## #.# ##.##
#...# #.. .# ##.## ##.#.## #...#
### .# #...# ##.###.####.## .####
#...# #.## ##...#.# ....# #...#
##.###.##.#.#######
..#.#####...#####.#.).....##.....
..#.#...........##[####..........
................@o)####..........
..#.#...........##)##............
....###.#...#.####.##.#..........
..### #.#...#.# #.##.#.....#####
..# #.#...#.# #.......#### ###
#.#.<.#.# ####.#### # #..)....#
#.####### # ####.....## #.......#
#####........# #.##.##.#


You could see an orc.

Vanquished Creatures
  3 adders (D:2)
  A worm (D:2)
  3 giant geckos
  2 orcs
  4 bats
  A giant cockroach (D:1)
  10 goblins
  6 hobgoblins
  A ball python (D:1)
  3 giant newts (D:1)
  4 kobolds
  3 rats (D:2)
41 creatures vanquished.

Notes
Turn   | Place    | Note
--------------------------------------------------------------
     0 | D:1      | mrath, the Gargoyle Earth Elementalist, began the quest for the Orb.
     0 | D:1      | Reached XP level 1. HP: 10/10 MP: 3/3
   250 | D:1      | Reached XP level 2. HP: 15/15 MP: 1/5
   387 | D:1      | Learned a level 2 spell: Stoneskin
   984 | D:2      | Reached skill level 4 in Earth Magic
  1075 | D:2      | Reached XP level 3. HP: 16/19 MP: 3/6
  1820 | D:2      | Reached XP level 4. HP: 24/24 MP: 6/9
  2070 | D:2      | Learned a level 3 spell: Stone Arrow
  2225 | D:3      | Noticed Robin
  2450 | D:2      | Slain by an orc

Action                   |  1- 3 |  4- 6 || total
-------------------------+-------+-------++-------
Melee: Dagger            |     6 |       ||     6
       Short sword       |    42 |    27 ||    69
 Cast: Sandblast         |    49 |    15 ||    64
 Stab: Sleeping          |     1 |       ||     1
  Eat: Chunk             |     2 |     3 ||     5
